 Dungeon Crawl Stone Soup version 0.31.0-12-g77e489cdc1 (webtiles) character file.

Game seed: 2888917496603890172

43783 jimonade the Basher (level 14, -3/111 HPs)
             Began as a Barachi Hunter on Mar 2, 2024.
             Was the Champion of Okawaru.
             Killed from afar by a death drake (11 damage)
             ... with a foul vapour
             ... in a Gauntlet.
             The game lasted 00:47:32 (12028 turns).

jimonade the Basher (Barachi Hunter)               Turns: 12028, Time: 00:47:33

Health: -3/111     AC: 29    Str: 19    XL:     14   Next: 25%
Magic:  22/22      EV: 11    Int: 12    God:    Okawaru [******]
Gold:   865        SH:  0    Dex: 24    Spells: 13/13 levels left

rFire   . . .        a - +12 mace of the Equinox {distort, rElec Int+2 Dex+3}
rCold   . . .        (no shield)
rNeg    + + .        y - +6 plate armour of Liberalism {rC- rN++ Regen+ Str+3}
rPois   .            p - +2 helmet "Wisaelaf" {Regen+ Stlth+}
rElec   +            h - scarf {repulsion}
rCorr   .            O - +0 pair of gloves
SInv    +            (no boots)
Will    ++...        G - amulet of the acrobat Stlth
                     H - ring of willpower
HPRegen 1.98/turn    E - ring "Uxkaypuiz" {rC+ AC+4 Dex+4}
MPRegen 0.18/turn

%: no teleportation, repel missiles, acrobat
@: lethally poisoned (-3 -> -6), slowed, very slow
A: amphibious, slowness 1, strong legs 2, +LOS, see invisible
a: Hop, Renounce Religion, Heroism, Finesse, Duel, Receive Weapon


You were in a Gauntlet.
You worshipped Okawaru.
Okawaru was exalted by your worship.
You visited 2 branches of the dungeon, and saw 16 of its levels.
You also visited: Bailey and Gauntlet.

You collected 1336 gold pieces.
You spent 471 gold pieces at shops.

Inventory:

Hand Weapons
 a - the +12 mace of the Equinox (weapon) {distort, rElec Int+2 Dex+3}
   (You found it on level 2 of the Dungeon)

   Int+2:     It affects your intelligence (+2).
   Dex+3:     It affects your dexterity (+3).
   rElec:     It insulates you from electricity.
Missiles
 b - 18 boomerangs (quivered)
 f - 58 poisoned darts
 r - 4 javelins
 Q - 15 curare-tipped darts
 Z - 2 throwing nets
Armour
 h - a scarf of repulsion (worn)
 p - the +2 helmet "Wisaelaf" (worn) {Regen+ Stlth+}
   (You took it off Robin on level 2 of the Dungeon)

   Regen+:    It increases your rate of health regeneration.
   Stlth+:    It makes you more stealthy.
 y - the +6 plate armour of Liberalism (worn) {rC- rN++ Regen+ Str+3}
   (Okawaru gifted it to you in a Gauntlet)

   Str+3:     It affects your strength (+3).
   rC-:       It makes you vulnerable to cold.
   rN++:      It greatly protects you from negative energy.
   Regen+:    It increases your rate of health regeneration.
 O - a +0 pair of gloves (worn)
Jewellery
 c - the ring of Refefi Woiv {MP+9 Str+6}
   (You found it in a Gauntlet)

   [ring of strength]

   Str+6:     It affects your strength (+6).
   MP+9:      It affects your magic capacity (+9).
 o - a ring of protection from fire
 D - a ring of protection from cold
 E - the ring "Uxkaypuiz" (right hand) {rC+ AC+4 Dex+4}
   (You found it on level 9 of the Dungeon)

   [ring of protection]

   AC+4:      It affects your AC (+4).
   Dex+4:     It affects your dexterity (+4).
   rC+:       It protects you from cold.
 G - an amulet of the acrobat (around neck)
 H - a ring of willpower (left hand)
Wands
 t - a wand of roots (3)
 w - a wand of digging (14)
 N - a wand of mindburst (9)
 W - a wand of polymorph (6)
Scrolls
 e - 2 scrolls of poison
 j - 3 scrolls of fog
 n - 3 scrolls of enchant armour
 q - 2 scrolls of immolation
 u - 10 scrolls of teleportation
 z - 4 scrolls of enchant weapon
 A - 3 scrolls of brand weapon
 C - 5 scrolls of revelation
 I - 3 scrolls of blinking
 K - 4 scrolls of vulnerability
 M - a scroll of silence
 Y - a scroll of acquirement
Potions
 g - 3 potions of attraction {unknown}
 i - a potion of experience {unknown}
 k - 2 potions of curing
 l - 3 potions of berserk rage
 m - 3 potions of haste {unknown}
 s - a potion of lignification {unknown}
 v - 3 potions of degeneration {unknown}
 x - 5 potions of enlightenment {unknown}
 B - 3 potions of might
 F - a potion of resistance {unknown}
 J - a potion of mutation {unknown}
 L - a potion of magic {unknown}
 P - 3 potions of brilliance {unknown}
 T - a potion of heal wounds
 U - a potion of cancellation {unknown}
Miscellaneous
 S - a phial of floods


   Skills:
 - Level 10.7 Fighting
 - Level 14.0 Maces & Flails
 - Level 10.0 Ranged Weapons
 - Level 10.7 Armour
 - Level 8.8 Dodging
 - Level 0.8 Stealth
 + Level 10.8 Invocations
 + Level 3.1 Evocations


You had 13 spell levels left.
You didn't know any spells.
Your spell library contained the following spells:

 Spells                   Type           Power      Damage    Failure   Level
 Mercury Vapours          Alch/Air       0%         N/A       100%        2
 Fugue of the Fallen      Necr           0%         N/A       100%        3
 Hailstorm                Conj/Ice       0%         3d5       100%        3
 Mephitic Cloud           Conj/Alch/Air  0%         N/A       100%        3
 Ozocubu's Armour         Ice            0%         N/A       100%        3
 Manifold Assault         Tloc           0%         N/A       100%        4
 Freezing Cloud           Conj/Ice/Air   0%         6-21      100%        5
 Lee's Rapid Deconstruct  Erth           0%         3d4*      100%        5
 Borgnjor's Revivificati  Necr           0%         N/A       100%        8
 Death's Door             Necr           0%         N/A       100%        9
 Summon Ice Beast         Ice/Summ       Unusable   N/A       N/A         3
 Animate Armour           Summ/Erth      Unusable   N/A       N/A         4
 Summon Lightning Spire   Summ/Air       Unusable   N/A       N/A         4
 Sculpt Simulacrum        Ice/Alch       Unusable   N/A       N/A         6
 Haunt                    Necr/Summ      Unusable   N/A       N/A         7

Dungeon Overview and Level Annotations

Branches:
Dungeon (15/15) Zot: 26910  Temple (1/1) D:7 Zot: 5950    Lair (0/5) D:8
    Orc (0/2) D:12         Vaults (0/5) D:14         Bailey (visited)
Gauntlet (1/1) Zot: 5602
 Depths: D:15

Altars:
Ashenzari
Cheibriados
Dithmenos
Elyvilon
Fedhas
Gozag
Hepliaklqana
Kikubaaqudgha
Makhleb
Nemelex Xobeh
Okawaru
Qazlal
Ru
Sif Muna
Trog
Uskayaw
Vehumet
Wu Jian
Xom
Yredelemnul
Zin
The Shining One

Shops:
D:9 !   D:14 *

Annotations:
D:6 2 transporters, spaghetti's ghost, novice NaHu
D:9 3 runed translucent doors, Gadfly's ghost, novice GrFi
D:12 exclusions: ice statue and orange crystal statue
Abyss:1 Josephine; Pikel Gauntlet 9 transporters, 1 runed translucent door


Innate Abilities, Weirdness & Mutations

You are amphibious.
You cover ground slowly.
You can hop long distances.
You have an extended range of vision and can be seen from far away.
You have supernaturally acute eyesight. (SInv)


Message History

Space warps horribly around the spectral wolf spider!!
The spectral wolf spider is heavily damaged.
The spectral wolf spider barely misses you. x2
You thump the spectral wolf spider!
Space warps around the spectral wolf spider.
The spectral wolf spider is severely damaged.
The spectral wolf spider closely misses you.
The spectral wolf spider bites you but does no damage.
You hit the spectral wolf spider but do no damage.
Space warps horribly around the spectral wolf spider!
The spectral wolf spider is almost destroyed.
The spectral wolf spider completely misses you.
The spectral wolf spider bites you. You partially resist.
The spectral wolf spider hits you but does no damage.
The spectral wolf spider bites you but does no damage.
You sock the spectral wolf spider!
You destroy the spectral wolf spider!
Okawaru accepts your kill.
The spectral wolf spider hits you but does no damage.
The spectral wolf spider bites you but does no damage.
You thump the spectral wolf spider!
Space warps horribly around the spectral wolf spider!
The spectral wolf spider is heavily damaged.
The spectral wolf spider hits you but does no damage.
The spectral wolf spider bites you but does no damage.
You sock the spectral wolf spider!
Space warps horribly around the spectral wolf spider!
The spectral wolf spider is severely damaged.
The spectral wolf spider closely misses you.
The spectral wolf spider completely misses you.
You hit the spectral wolf spider but do no damage.
The spectral wolf spider is severely damaged.
The spectral wolf spider blinks!
The spectral wolf spider barely misses you.
The spectral wolf spider closely misses you.
The death drake closely misses you.
You hit the spectral wolf spider.
The spectral wolf spider is almost destroyed.
The spectral wolf spider blinks!
The death drake bites you.
You hit the death drake but do no damage.
The death drake bites you but does no damage.
You sock the spectral wolf spider!
You destroy the spectral wolf spider!
Okawaru accepts your kill.
The death drake bites you but does no damage.
Your Evocations skill increases to level 3!
You sock the death drake!
The death drake is lightly wounded.
The death drake bites you.
You barely miss the death drake.
The death drake is lightly wounded.
The death drake breathes miasma at you.
The foul vapour engulfs you but does no damage.
You hit the death drake.
Space warps around the death drake.
The death drake is moderately wounded.
You are engulfed in dark miasma.
You are poisoned.
You feel very sick.
The death drake bites you but does no damage.
You bludgeon the death drake!!
Space warps horribly around the death drake!
The death drake is severely wounded.
You are engulfed in dark miasma.
You are more poisoned.
You feel very sick.
The death drake bites you but does no damage.
You sock the death drake!
The death drake is almost dead.
The death drake blinks!
You are engulfed in dark miasma.
You are more poisoned.
You feel extremely sick.
No reachable target in view!
You are engulfed in dark miasma.
You are more poisoned.
You feel yourself slow down.
You feel extremely sick. The death drake breathes miasma at you.
The foul vapour is repelled.
You see here a phantom mirror.
You feel extremely sick. The death drake breathes miasma at you.
The foul vapour engulfs you!
You are more poisoned.
You feel as though you will be slow longer.
* * * LOW HITPOINT WARNING * * *
You see here a +0 ring mail.
You are engulfed in dark miasma.
You are more poisoned.
* * * LOW HITPOINT WARNING * * *
x2 You feel extremely sick.
The death drake breathes miasma at you. The foul vapour engulfs you.
You are more poisoned.
You feel as though you will be slow longer.
* * * LOW HITPOINT WARNING * * *
Okay, then.
You feel better. The death drake bites you.
* * * LOW HITPOINT WARNING * * *
The death drake breathes miasma at you. The foul vapour engulfs you!
You are poisoned.
You die...

≈# #≈..#..#..#.#.[#..≈# ##
##..#.©#..#©#.©#..##
≈###≈..#..#..#.#./#..≈#
##≈##..#..#..#.#.[#..##
.......#..#.....J.#..§# ####
.......#..#########..###....
########..#..........##..###
.^.....#..#########..#......
.##.##.#..#.....@.#..#...#.#
..#..#.#.[###.###k#.8#.©.#
#.##.#.#..##...#°°#..#...#
#.©#..©#©©##.#©#°©#.∩#.©.#
##.##..#..#..#.°°=#..#...#
.#..#^.#..#.###.#.#.8#.©.#
.##.##.#..#.......#..#...#.#
..^....#..#########..#......
########..#..........##..###


You could see a death drake (catching breath) and a quicksilver ooze.

Vanquished Creatures
  An ironbound preserver (D:14)
  An ogre mage (D:11)
  Harold (D:10)
  2 hydras
  2 boulder beetles (D:14)
  5 centaur warriors
  A death knight (D:13)
  A two-headed ogre (D:12)
  A tengu warrior (D:13)
  Sonja (D:13)
  A soul eater (Gauntlet)
  4 skeletal warriors
  3 deep elf pyromancers (D:14)
  A wolf spider (D:11)
  2 spectral wolf spiders (Gauntlet)
  11 ugly things
  2 manticores
  5 cyclopes
  4 gargoyles
  2 kobold demonologists (D:11)
  An unseen horror (D:13)
  4 trolls
  Prince Ribbit (D:6)
  2 slime creatures (D:14)
  A centaur simulacrum (D:14)
  A shadow (D:11)
  A wyvern (D:9)
  A vampire (D:10)
  Sigmund (D:5)
  A wyvern (shapeshifter) (D:13)
  6 wraiths
  3 yaks (D:10)
  2 basilisks (D:14)
  6 vampire mosquitoes
  A neqoxec (Gauntlet)
  A steam dragon (D:9)
  Menkaure (D:5)
  Edmund (D:5)
  2 chaos spawn (Gauntlet)
  A water moccasin (D:7)
  An acid dragon (D:12)
  Duvessa (D:5)
  8 orc warriors
  A sky beast (D:7)
  3 ice beasts
  2 black bears
  4 laughing skulls
  2 ogres
  2 centaurs
  A phantom (D:4)
  7 kobold brigands
  6 bullfrogs
  2 scorpions
  8 wights
  Dowan (D:5)
  4 killer bees (D:8)
  9 howler monkeys
  3 hounds
  A bombardier beetle (D:3)
  2 jellies
  3 gnoll boudas (D:6)
  7 orc priests
  Crazy Yiuf (D:2)
  A sleepcap (D:8)
  An iguana (D:3)
  Natasha (thrice) (D:2)
  8 orc wizards
  Robin (D:2)
  8 adders
  15 gnolls
  3 shadow imps (Gauntlet)
  2 white imps (D:6)
  5 dart slugs
  A ribbon worm (D:4)
  38 orcs
  7 bats
  8 endoplasms
  5 giant cockroaches
  17 goblins
  14 hobgoblins
  2 jackals (D:3)
  5 quokkas
  5 ball pythons
  4 frilled lizards
  31 kobolds
  4 rats
356 creatures vanquished.

Notes
Turn   | Place    | Note
-------+----------+-------------------------------------------
     0 | D:1      | jimonade the Barachi Hunter began the quest for the Orb.
     0 | D:1      | Reached XP level 1. HP: 17/17 MP: 1/1
   114 | D:1      | Reached XP level 2. HP: 18/23 MP: 2/2
   281 | D:1      | Reached XP level 3. HP: 28/28 MP: 3/3
   330 | D:1      | Reached skill level 5 in Ranged Weapons
   562 | D:2      | Noticed Natasha
   574 | D:2      | Killed Natasha
   575 | D:2      | Reached XP level 4. HP: 13/34 MP: 4/4
   672 | D:2      | Identified the +12 mace of the Equinox {distort, rElec
                  | Int+2 Dex+3}
   695 | D:2      | Reached skill level 1 in Maces & Flails
   707 | D:2      | Noticed Natasha
   713 | D:2      | Killed Natasha
   728 | D:2      | Noticed Natasha
   737 | D:2      | Killed Natasha
   738 | D:2      | Reached skill level 2 in Maces & Flails
   738 | D:2      | Reached skill level 1 in Armour
   738 | D:2      | Reached XP level 5. HP: 22/40 MP: 5/5
   912 | D:2      | Identified the +2 helmet "Wisaelaf" {Regen+ Stlth+}
   912 | D:2      | Noticed Robin
   945 | D:2      | Killed Robin
  1079 | D:2      | Found a runed translucent door.
  1080 | D:2      | Noticed Crazy Yiuf
  1087 | D:2      | Killed Crazy Yiuf
  1226 | D:2      | Reached skill level 3 in Maces & Flails
  1282 | D:3      | Reached XP level 6. HP: 47/47 MP: 6/6
  1912 | D:4      | Reached skill level 4 in Maces & Flails
  1921 | D:4      | Reached XP level 7. HP: 43/54 MP: 7/7
  2101 | D:4      | Reached skill level 5 in Maces & Flails
  2108 | D:4      | Found a hazy altar of Hepliaklqana.
  2396 | D:5      | Entered Level 5 of the Dungeon
  2415 | D:5      | Reached skill level 5 in Fighting
  2431 | D:5      | Reached skill level 6 in Maces & Flails
  2431 | D:5      | Reached XP level 8. HP: 62/62 MP: 8/8
  2460 | D:5      | Noticed Duvessa
  2462 | D:5      | Noticed Dowan
  2473 | D:5      | Killed Duvessa
  2482 | D:5      | Killed Dowan
  2590 | D:5      | Reached skill level 5 in Armour
  2613 | D:5      | Reached skill level 7 in Maces & Flails
  2649 | D:5      | Noticed Pikel
  2655 | D:5      | Banished Pikel
  2656 | D:5      | Reached skill level 8 in Maces & Flails
  2656 | D:5      | Reached XP level 9. HP: 64/71 MP: 9/9
  2874 | D:5      | Found the +18 Lear's hauberk
  3022 | D:5      | Noticed Edmund
  3028 | D:5      | Killed Edmund
  3029 | D:5      | Reached skill level 9 in Maces & Flails
  3083 | D:5      | Noticed Menkaure
  3087 | D:5      | Killed Menkaure
  3154 | D:5      | Noticed Sigmund
  3159 | D:5      | Killed Sigmund
  3414 | D:6      | Found a transporter.
  3417 | D:6      | Found a transporter.
  3417 | D:6      | Noticed spaghetti's ghost (novice NaHu)
  3732 | D:6      | Reached skill level 10 in Maces & Flails
  3746 | D:6      | Noticed Prince Ribbit
  3751 | D:6      | Killed Prince Ribbit
  3855 | D:6      | Reached XP level 10. HP: 80/80 MP: 10/10
  4169 | D:7      | Found a staircase to the Ecumenical Temple.
  4186 | Temple   | Entered the Ecumenical Temple
  4206 | Temple   | Became a worshipper of Warmaster Okawaru
  4633 | D:7      | Found a glowing golden altar of the Shining One.
  4661 | D:7      | Found a shimmering blue altar of Sif Muna.
  4781 | D:7      | Reached skill level 1 in Invocations
  4878 | D:8      | Found a flagged portal.
  4878 | D:8      | Found a snail-covered altar of Cheibriados.
  4954 | D:8      | Reached * piety under Okawaru
  4991 | Bailey   | Entered a bailey
  5084 | Bailey   | Reached skill level 11 in Maces & Flails
  5133 | Bailey   | Found a burning altar of Makhleb.
  5133 | Bailey   | Found the +7 great mace "Undeadhunter" {deathbane, rN+}
  5529 | D:8      | Reached ** piety under Okawaru
  5667 | D:8      | Found a staircase to the Lair.
  5826 | D:8      | Found a sacrificial altar of Ru.
  5830 | D:8      | Found a radiant altar of Vehumet.
  6056 | D:9      | Identified the ring "Uxkaypuiz" {rC+ AC+4 Dex+4}
  6187 | D:9      | Found a runed translucent gate.
  6187 | D:9      | Found a runed translucent gate.
  6187 | D:9      | Found a runed translucent gate.
  6241 | D:9      | Noticed Gadfly's ghost (novice GrFi)
  6490 | D:9      | Found Tiki's Distillery.
  6500 | D:9      | Bought a potion of curing for 45 gold pieces
  6500 | D:9      | Bought a potion of heal wounds for 75 gold pieces
  6500 | D:9      | Bought a potion of curing for 45 gold pieces
  6500 | D:9      | Bought a potion of might for 60 gold pieces
  6500 | D:9      | Bought a potion of heal wounds for 75 gold pieces
  6500 | D:9      | Bought a potion of berserk rage for 75 gold pieces
  6747 | D:10     | Entered Level 10 of the Dungeon
  6824 | D:10     | Noticed Harold
  6830 | D:10     | Killed Harold
  6830 | D:10     | Reached *** piety under Okawaru
  6831 | D:10     | Reached XP level 11. HP: 61/89 MP: 13/13
  7024 | D:10     | Reached skill level 12 in Maces & Flails
  7496 | D:11     | Reached skill level 5 in Dodging
  7508 | D:11     | Gained mutation: You have supernaturally acute eyesight.
                  | (SInv) [a neqoxec]
  7517 | D:11     | Reached **** piety under Okawaru
  7585 | D:11     | Noticed an eight-headed hydra
  7626 | D:11     | Killed an eight-headed hydra
  7627 | D:11     | Reached skill level 10 in Fighting
  7885 | D:11     | Noticed an ogre mage
  7890 | D:11     | Killed an ogre mage
  7898 | D:11     | Noticed a centaur warrior
  7905 | D:11     | Killed a centaur warrior
  7906 | D:11     | Reached skill level 10 in Armour
  7909 | D:11     | Noticed a centaur warrior
  7915 | D:11     | Killed a centaur warrior
  7916 | D:11     | Reached skill level 13 in Maces & Flails
  7924 | D:11     | Noticed a wolf spider
  7926 | D:11     | Killed a wolf spider
  7926 | D:11     | Reached ***** piety under Okawaru
  7952 | D:11     | Noticed a stone giant
  7955 | D:11     | Noticed a cyclops
  7961 | D:11     | Killed a cyclops
  7962 | D:11     | Reached XP level 12. HP: 97/97 MP: 15/15
  7979 | D:11     | Reached skill level 5 in Invocations
  7992 | D:11     | Banished a stone giant
  8297 | D:12     | Found a staircase to the Orcish Mines.
  8327 | D:12     | Reached skill level 14 in Maces & Flails
  8504 | D:12     | Noticed a two-headed ogre
  8515 | D:12     | Killed a two-headed ogre
  8681 | D:12     | Received a gift from Okawaru
  9209 | D:13     | Noticed a centaur warrior
  9213 | D:13     | Killed a centaur warrior
  9225 | D:13     | Noticed Sonja
  9226 | D:13     | Noticed Josephine
  9228 | D:13     | Noticed a six-headed hydra
  9250 | D:13     | Killed a six-headed hydra
  9269 | D:13     | Banished Josephine
  9280 | D:13     | Killed Sonja
  9372 | D:13     | Gained mutation: You can hop long distances. [Barachi
                  | growth]
  9372 | D:13     | Reached XP level 13. HP: 99/103 MP: 19/19
  9558 | D:13     | Reached skill level 10 in Invocations
  9950 | D:13     | Received a gift from Okawaru
 10087 | D:13     | Identified the +8 flail of the Heavens {heavy, *Slow +Blink
                  | rN+}
 10619 | D:14     | Reached skill level 10 in Ranged Weapons
 11018 | D:14     | Noticed an ironbound preserver
 11039 | D:14     | Killed an ironbound preserver
 11106 | D:14     | Reached XP level 14. HP: 111/111 MP: 21/21
 11140 | D:14     | Received a gift from Okawaru
 11210 | D:14     | Found a gate to the Vaults.
 11308 | D:14     | Found Fykoegid's General Store.
 11318 | D:14     | Bought a scroll of teleportation for 36 gold pieces
 11318 | D:14     | Bought a scroll of identify for 24 gold pieces
 11318 | D:14     | Bought a scroll of noise for 12 gold pieces
 11318 | D:14     | Bought a scroll of identify for 24 gold pieces
 11331 | D:14     | Identified a scroll of acquirement
 11429 | D:14     | Reached skill level 1 in Evocations
 11596 | D:15     | Entered Level 15 of the Dungeon
 11654 | D:15     | Found a gate leading to a gauntlet.
 11680 | Gauntlet | Entered a Gauntlet
 11680 | Gauntlet | Found a transporter.
 11680 | Gauntlet | Found a transporter.
 11692 | Gauntlet | Found a transporter.
 11709 | Gauntlet | Found a transporter.
 11709 | Gauntlet | Found a transporter.
 11711 | Gauntlet | Found a transporter.
 11712 | Gauntlet | Found a transporter.
 11713 | Gauntlet | Noticed a quicksilver ooze
 11714 | Gauntlet | Found a transporter.
 11728 | Gauntlet | Found a transporter.
 11740 | Gauntlet | Found a transporter.
 11749 | Gauntlet | Found a transporter.
 11753 | Gauntlet | Found a runed translucent door.
 11764 | Gauntlet | Found a transporter.
 11784 | Gauntlet | Found a transporter.
 11796 | Gauntlet | Found a transporter.
 11834 | Gauntlet | Identified the ring of Refefi Woiv {MP+9 Str+6}
 11928 | Gauntlet | Reached ****** piety under Okawaru
 11943 | Gauntlet | Acquired the +6 plate armour of Liberalism {rC- rN++ Regen+
                  | Str+3}
 11943 | Gauntlet | Received a gift from Okawaru
 12027 | Gauntlet | HP: 2/111 [death drake/foul vapour (4)]
 12028 | Gauntlet | Killed from afar by a death drake

Illustrated notes

Levels and vault maps discovered:
D:1:      evilmike_arrival_plus, layout_rooms, minmay_circled_x
D:2:      layout_rooms, uniq_robin, uniq_crazy_yiuf_cottage, uniq_natasha
D:3:      layout_loops_ring, corner_web_ring
D:4:      cheibrodos_pilgrimage, layout_rooms, lemuel_crystal_altar,
          serial_bayou_pond_c
D:5:      layout_basic, grunt_ministairs_13, uniq_menkaure, uniq_pikel,
          uniq_sigmund, uniq_edmund, uniq_duvessa
D:6:      layout_loops_ring, gammafunk_ghost_hive, uniq_prince_ribbit1
D:7:      layout_gridville, mainiacjoe_overflow_large_starburst,
          minmay_temple_entry_offerings
D:8:      layout_loops_ring, grunt_temple_overflow_diamond, lair_entry_dummy,
          enter_bailey_8
D:9:      layout_irregular_city, gammafunk_ghost_icy, serial_shops,
          nicolae_lakefront_shop
D:10:     layout_basic, uniq_harold
D:11:     layout_rooms, minmay_evil_grid
D:12:     layout_loops_ring, david_orc_2, david_greed
D:13:     layout_roguey, uniq_josephine, uniq_sonja
D:14:     layout_loops_ring, skrybe_vaults_entry_preservation, serial_shops,
          shop_statue, bh_walls_and_bars
D:15:     gammafunk_depths_entry_grave, layout_layer_cave,
          gauntlet_entry_generic, nicolae_water_bricks, dreamdust_wishing_well,
          nicolae_nh_oracle_at_delphi
Temple:   nicolae_temple_bog_church
Gauntlet: gammafunk_gauntlet_mixed_choke_point
          [minmay_gauntlet_arena_77_p_blocks, minmay_gauntlet_arena_77_mirror,
          minmay_gauntlet_arena_77_two_lines, nicolae_gauntlet_arena_grate_2,
          minmay_gauntlet_arena_77_chump_sandwich,
          minmay_gauntlet_arena_77_broken_ladder, minmay_gauntlet_arena_77_path,
          nicolae_gauntlet_exit_dead_adventurers]

Skill      XL: |  1  2  3  4  5  6  7  8  9 10 11 12 13 14 |
---------------+-------------------------------------------+-----
Ranged Weapons | 5 10 | 10.0
Maces & Flails | 2 3 4 6 8 10 11 13 14 | 14.0
Armour         | 1 2 3 4 6 7 9 10 | 10.7
Fighting       | 3 4 5 6 8 9 10 | 10.7
Invocations    | 3 4 9 10 | 10.8
Dodging        | 4 6 8 |  8.8
Evocations     | 3 |  3.1
Stealth        | |  0.8

Action                     |  1- 3 |  4- 6 |  7- 9 | 10-12 | 13-15 || total
---------------------------+-------+-------+-------+-------+-------++-------
  Melee: Mace              |       |   102 |   150 |   438 |   342 ||  1032
         Punch             |       |       |     2 |     5 |    12 ||    19
   Fire: Shortbow          |    89 |       |       |       |       ||    89
  Throw: Dart              |       |       |       |     4 |       ||     4
 Invoke: Heroism           |       |       |       |     2 |     3 ||     5
         Finesse           |       |       |       |     1 |     2 ||     3
         Receive Armour    |       |       |       |       |     1 ||     1
    Use: Scroll            |       |       |       |     7 |     5 ||    12
         Potion            |       |       |       |     1 |     3 ||     4
 Armour: Leather armour    |    45 |     1 |       |       |       ||    46
         Chain mail        |       |   119 |   119 |   302 |   182 ||   722
         Plate armour      |       |       |       |       |    19 ||    19
  Dodge: Dodged            |    53 |    51 |    53 |   276 |   204 ||   637
         Repelled          |       |     2 |     1 |     5 |     4 ||    12
